 Dungeon Crawl Stone Soup version 0.19.5 (webtiles) character file.

156 McKennaii the Magician (level 5, -3/28 HPs)
             Began as a Deep Elf Fire Elementalist on May 12, 2017.
             Killed by divine providence
             ... invoked by an orc priest
              (8 damage)
             ... on level 4 of the Dungeon.
             The game lasted 00:06:01 (2577 turns).

McKennaii the Magician (Deep Elf Fire Elementalist) Turns: 2577, Time: 00:06:02

Health: -3/28      AC:  5    Str:  5    XL:     5   Next: 14%
Magic:  6/14       EV: 13    Int: 21    God:
Gold:   128        SH:  0    Dex: 15    Spells: 4 memorised, 4 levels left

rFire  . . .     SeeInvis .     (no weapon)
rCold  . . .     Gourm    .     a - +0 robe
rNeg   . . .     Faith    .     (no shield)
rPois  .         Spirit   .     p - +1 helmet
rElec  .         Reflect  .     (no cloak)
rCorr  .         Harm     .     l - +0 pair of gloves
MR     +....                    (no boots)
Stlth  ++........               (no amulet)
                                (no ring)
                                h - ring of protection from magic

@: very slightly contaminated
A: no striking features
a: no special abilities


You were on level 4 of the Dungeon.
You were hungry.

You visited 1 branch of the dungeon, and saw 4 of its levels.

You collected 128 gold pieces.

Inventory:

Armour
 a - a +0 robe (worn)
 l - a +0 pair of gloves (worn)
 p - a +1 helmet (worn)
Jewellery
 h - a ring of protection from magic (left hand)
 m - an uncursed ring of resist corrosion {unknown}
 o - an uncursed ring of fire {unknown}
Scrolls
 e - 3 scrolls of recharging {unknown}
 f - 4 scrolls of identify {unknown}
 i - a scroll of random uselessness {unknown}
 n - a scroll of teleportation {unknown}
 w - a scroll of magic mapping {unknown}
Potions
 d - a potion of degeneration {unknown}
 j - a potion of curing {unknown}
 q - a potion of mutation {unknown}
 s - a potion of berserk rage {unknown}
 u - 2 potions of might {unknown}
 v - a potion of heal wounds {unknown}
 x - a potion of lignification {unknown}
Books
 b - a book of Flames

   Spells                             Type                      Level
   a - Flame Tongue                   Conjuration/Fire             1
   b - Throw Flame                    Conjuration/Fire             2
   c - Conjure Flame                  Conjuration/Fire             3
   d - Inner Flame                    Hexes/Fire                   3
   e - Sticky Flame                   Conjuration/Fire             4
   f - Fireball                       Conjuration/Fire             5
Comestibles
 c - 4 bread rations
 g - a meat ration
 k - a beef jerky
 t - a royal jelly


   Skills:
 + Level 2.6 Dodging
 + Level 3.3 Stealth
 + Level 4.8 Spellcasting
 + Level 2.4 Conjurations
 + Level 4.5 Fire Magic


You had 4 spell levels left.
You knew the following spells:

 Your Spells              Type           Power        Failure   Level  Hunger
a - Flame Tongue          Conj/Fire      ###..        2%          1    None
b - Throw Flame           Conj/Fire      ###...       4%          2    None
c - Conjure Flame         Conj/Fire      ###.....     10%         3    ##.....
d - Inner Flame           Hex/Fire       ##......     14%         3    ##.....


Dungeon Overview and Level Annotations

Branches:
Dungeon (4/15)
 Temple: D:4-7

Altars:
Okawaru


Message History

Casting: Flame Tongue
Confirm with . or Enter, or press ? or * to list all spells.
Aiming: Flame Tongue
Press: ? - help, Shift-Dir - straight line, f/p - orc priest
Aim: an orc priest, wielding a whip and wearing a leather armour (almost dead)
The flame tongue hits the orc priest.
The orc priest appears unharmed.
The orc priest is almost dead.
The orc priest invokes the aid of Beogh against you.
Beogh smites you!
* * * LOW HITPOINT WARNING * * *
Casting: Flame Tongue
Confirm with . or Enter, or press ? or * to list all spells.
Aiming: Flame Tongue
Press: ? - help, Shift-Dir - straight line, f/p - orc priest
Aim: an orc priest, wielding a whip and wearing a leather armour (almost dead)
You miscast Flame Tongue.
Your skin glows momentarily.
The orc priest hits you but does no damage.
The orc priest mumbles some strange prayers to Beogh against you.
Beogh smites you!
You die...

.. #. #####.
#.....
##.....
.......
#.....####.#
#.....@ooo.#
############


You could see 2 orc priests and an orc.

Vanquished Creatures
  An orc wizard (D:3)
  Ijyb (D:3)
  2 adders
  An ooze (D:2)
  3 worms
  A dart slug (D:2)
  2 leopard geckos
  5 orcs (D:3)
  3 giant cockroaches (D:1)
  8 goblins
  5 hobgoblins
  3 jackals (D:2)
  6 kobolds
  A ball python (D:1)
  7 bats
  3 frilled lizards
  10 rats
62 creatures vanquished.

Notes
Turn   | Place    | Note
-------+----------+-------------------------------------------
     0 | D:1      | McKennaii the Deep Elf Fire Elementalist began the quest for the Orb.
     0 | D:1      | Reached XP level 1. HP: 10/10 MP: 6/6
   184 | D:1      | Reached XP level 2. HP: 15/15 MP: 5/8
   772 | D:2      | Reached XP level 3. HP: 19/19 MP: 7/9
   794 | D:2      | Learned a level 2 spell: Throw Flame
  1627 | D:3      | Reached XP level 4. HP: 24/24 MP: 10/12
  1732 | D:3      | Found an iron altar of Okawaru.
  2118 | D:3      | Noticed Ijyb
  2193 | D:3      | Killed Ijyb
  2193 | D:3      | Reached XP level 5. HP: 19/28 MP: 3/14
  2200 | D:3      | Learned a level 3 spell: Conjure Flame
  2204 | D:3      | Learned a level 3 spell: Inner Flame
  2577 | D:4      | Killed from afar by an orc priest

Skill      XL: |  1  2  3  4 |
---------------+-------------+-----
Fire Magic     | 4 |  4.5
Stealth        | 3 |  3.3
Spellcasting   | 4 |  4.8
Conjurations   | 2 |  2.4
Dodging        | |  2.6

Action                   |  1- 3 |  4- 6 || total
-------------------------+-------+-------++-------
 Cast: Flame Tongue      |    72 |    59 ||   131
       Throw Flame       |       |     3 ||     3
  Eat: Chunk             |     2 |     2 ||     4
Armor: Robe              |     2 |     4 ||     6
Dodge: Dodged            |    12 |    13 ||    25
